 Dungeon Crawl Stone Soup version 0.30-a0-800-g7c544603b3 (webtiles) character file.

Game seed: 6912906325185534741

333 Iich the Chopper (level 6, -1/56 HPs)
             Began as a Hill Orc Fighter on Feb 21, 2023.
             Slain by an ogre
             ... wielding a +0 giant club
              (8 damage)
             ... on level 4 of the Dungeon.
             The game lasted 00:04:47 (4464 turns).

Iich the Chopper (Hill Orc Fighter)                 Turns: 4464, Time: 00:04:48

Health: -1/56      AC: 10    Str: 18    XL:     6   Next: 53%
Magic:  6/6        EV:  5    Int: 12    God:
Gold:   204        SH:  8    Dex: 11    Spells: 5/5 levels left

rFire   . . .      SeeInvis .    a - +0 war axe
rCold   . . .      Faith    .    h - +0 kite shield
rNeg    + . .      Spirit   .    q - +0 chain mail
rPois   .          Reflect  .    (no helmet)
rElec   .          Harm     .    (no cloak)
rCorr   .          Rampage  .    (no gloves)
Will    .....                    f - +0 pair of boots Stlth
                                 (no amulet)
HPRegen 0.29/turn                m - ring of positive energy
MPRegen 0.10/turn                (no ring)

@: no status effects
A: clever 1, mutation resistance 1
a: no special abilities


You were on level 4 of the Dungeon.
You visited 1 branch of the dungeon, and saw 4 of its levels.

You collected 204 gold pieces.

Inventory:

Hand Weapons
 a - a +0 war axe (weapon)
Armour
 b - a +0 scale mail
 c - a +0 buckler
 f - a +0 pair of boots (worn)
 h - a +0 kite shield (worn)
 q - a +0 chain mail (worn)
Jewellery
 m - a ring of positive energy (left hand)
Wands
 j - a wand of flame (13)
Scrolls
 e - 3 scrolls of enchant weapon
 i - a scroll of vulnerability
 l - a scroll of torment
 n - a scroll of magic mapping {unknown}
 p - a scroll of poison
Potions
 d - 3 potions of might
 g - 3 potions of cancellation
 k - a potion of flight
 o - a potion of lignification {unknown}
 r - a potion of brilliance {unknown}


   Skills:
 + Level 5.4 Fighting
 * Level 6.8 Axes
 - Level 3.2 Armour
 + Level 4.4 Shields


You had 5 spell levels left.
You didn't know any spells.
Your spell library contained the following spells:

 Spells                   Type           Power      Damage    Failure   Level
 Shock                    Conj/Air       0%         1d3       100%        1
 Swiftness                Air            0%         N/A       100%        3
 Airstrike                Air            0%         2d(0-16)  100%        4


Dungeon Overview and Level Annotations

Branches:
Dungeon (4/15)
 Temple: D:4-7

Altars:
Hepliaklqana


Innate Abilities, Weirdness & Mutations

Your mind is acute. (Int +4, Str/Dex -1)
You are somewhat resistant to further mutation.


Message History

You hit the goblin.
You kill the goblin!
No target in view!
No target in view!
No target in view!
No target in view!
No target in view!
No target in view!
Things that are here:
a +0 dagger; a goblin corpse
Things that are here:
a +0 dagger; a goblin corpse You see here a +0 dagger.
You see here a +0 club.
Found a sling.
An ogre comes into view. It is wielding a +0 giant club.
The ogre shouts!
You block the ogre's attack.
You hit the ogre but do no damage.
The ogre hits you with a +0 giant club!!
You slash the ogre!
The ogre is moderately wounded.
The ogre hits you with a +0 giant club!
You slash the ogre!
The ogre is heavily wounded.
You slash the ogre!
The ogre is almost dead.
The ogre closely misses you.
You hit the ogre.
The ogre is almost dead.
The ogre hits you with a +0 giant club!
* * * LOW HITPOINT WARNING * * *
You hit the ogre but do no damage.
The ogre is almost dead.
The ogre hits you with a +0 giant club!
* * * LOW HITPOINT WARNING * * *
You barely miss the ogre.
The ogre is almost dead.
The ogre hits you with a +0 giant club!
You die...

##### .##.### ......# ####
###...# .... ##...# ...
#..### #.# ##.##
#########..# ##.... ..##
##..........### ##....##
.## ##........@O)..#
##>.....# ##
#<.########..............##
#.## ##.#### #......# #.# #
#.....# #.##
############....# #### #..#
#...............# ...##
#).# #.#.####^####...#
....###).# ##...# .....
#...# .........#
##....#.......#....


You could see an ogre.

Vanquished Creatures
  A necrophage (D:4)
  2 hounds (D:4)
  Jessica (D:3)
  Ijyb (D:3)
  Terence (D:3)
  3 gnolls
  3 adders
  3 dart slugs
  5 orcs
  2 endoplasms (D:4)
  A giant cockroach (D:2)
  4 hobgoblins
  8 jackals (D:4)
  8 kobolds
  6 quokkas
  6 ball pythons
  2 bats
  2 frilled lizards
  13 goblins
  2 rats (D:1)
74 creatures vanquished.

Notes
Turn   | Place    | Note
-------+----------+-------------------------------------------
     0 | D:1      | Iich the Hill Orc Fighter began the quest for the Orb.
     0 | D:1      | Reached XP level 1. HP: 19/19 MP: 1/1
   141 | D:1      | Reached skill level 3 in Axes
   296 | D:1      | Reached XP level 2. HP: 27/27 MP: 2/2
  1320 | D:1      | Reached skill level 4 in Axes
  1320 | D:1      | Reached XP level 3. HP: 30/33 MP: 3/3
  1965 | D:2      | Reached XP level 4. HP: 41/41 MP: 4/4
  2584 | D:3      | Reached skill level 5 in Axes
  2744 | D:3      | Noticed Jessica
  2750 | D:3      | Killed Jessica
  2751 | D:3      | Reached XP level 5. HP: 47/47 MP: 5/5
  2825 | D:3      | Gained mutation: You are vulnerable to heat. (rF-) [potion
                  | of mutation]
  2827 | D:3      | Lost mutation: You are vulnerable to heat. (rF-) [potion of
                  | mutation]
  2827 | D:3      | Gained mutation: Your mind is acute. (Int +4, Str/Dex -1)
                  | [potion of mutation]
  2827 | D:3      | Gained mutation: You are somewhat resistant to further
                  | mutation. [potion of mutation]
  3007 | D:3      | Noticed Terence
  3008 | D:3      | Noticed Ijyb
  3025 | D:3      | Killed Terence
  3351 | D:3      | Killed Ijyb
  3352 | D:3      | Reached skill level 5 in Fighting
  3658 | D:4      | Reached skill level 6 in Axes
  3658 | D:4      | Reached XP level 6. HP: 53/56 MP: 6/6
  3825 | D:4      | Found a hazy altar of Hepliaklqana.
  4464 | D:4      | Slain by an ogre

Illustrated notes

Levels and vault maps discovered:
D:1:      sevenhm_arrival_forest_fort_large_2, layout_basic
D:2:      layout_loops_ring, minmay_split_cup_small
D:3:      layout_basic, guppyfry_early_orc_mine, uniq_terence, uniq_ijyb,
          uniq_jessica
D:4:      layout_layer_cave, lemuel_tele_altar, minmay_misc_feat_doors

Skill      XL: |  1  2  3  4  5 |
---------------+----------------+-----
Axes           | 3 4 5 6 |  6.8
Fighting       | 4 5 |  5.4
Shields        | 4 |  4.4
Armour         | |  3.2

Action                     |  1- 3 |  4- 6 || total
---------------------------+-------+-------++-------
  Melee: War axe           |   104 |   159 ||   263
    Use: Scroll            |     5 |     4 ||     9
         Potion            |       |     3 ||     3
 Armour: Scale mail        |    62 |    78 ||   140
         Chain mail        |       |     6 ||     6
  Dodge: Dodged            |    51 |    48 ||    99
  Block: Buckler           |    18 |       ||    18
         Kite shield       |    16 |    69 ||    85

Table legend: (Time is in decaauts)
 A = Elapsed time spent in this place.
 B = Non-inter-level travel time spent in this place.
 C = Inter-level travel time spent in this place.
 D = Time resting spent in this place.
 E = Time spent auto-exploring this place.
 F = Levels seen in this place.
 G = Mean time per level.
                   A        B        C        D        E       F      G
               +--------+--------+--------+--------+--------+-----+--------+
         Total |   4569 |   4516 |     53 |   1274 |   2552 |   4 | 1142.2 |
       Dungeon |   4569 |   4516 |     53 |   1274 |   2552 |   4 | 1142.2 |
               +--------+--------+--------+--------+--------+-----+--------+

Top non-repeatable levels by time:
     D:1: 1693 daAuts
     D:3: 1088 daAuts
     D:2: 904 daAuts
     D:4: 883 daAuts
